 Dungeon Crawl Stone Soup version 0.28.0-45-g0d030f2227 (webtiles) character file.

Game seed: 13033803341850756131

36 Revguard the Insei (level 3, -5/23 HPs)
             Began as an Octopode Transmuter on Apr 12, 2022.
             Engulfed by a cloud of steam (9 damage)
             ... on level 1 of the Dungeon.
             The game lasted 00:03:55 (1432 turns).

Revguard the Insei (Octopode Transmuter)            Turns: 1432, Time: 00:03:55

Health: -5/23      AC:  1    Str:  9    XL:     3   Next: 37%
Magic:  6/6        EV: 28    Int: 15    God:
Gold:   47         SH:  0    Dex: 14    Spells: 4/7 levels left

rFire   . . .      SeeInvis .     - Unarmed
rCold   . . .      Faith    .   (no shield)
rNeg    . . .      Spirit   .   (helmet restricted)
rPois   .          Reflect  .   c - amulet of the acrobat
rElec   .          Harm     .   (no ring)
rCorr   .          Rampage  .   (no ring)
Will    .....                   (no ring)
Stlth   ++++......              (no ring)
HPRegen 0.07/turn               (no ring)
MPRegen 0.10/turn               (no ring)
                                (no ring)
                                (no ring)

@: acrobatic
A: almost no armour, amphibious, 8 rings, camouflage 1, gelatinous body 1,
nimble swimmer 1, tentacles
a: no special abilities


You were on level 1 of the Dungeon.
You visited 1 branch of the dungeon, and saw 1 of its levels.

You collected 47 gold pieces.

Inventory:

Jewellery
 c - an amulet of the acrobat (around mantle)
Scrolls
 a - a scroll of acquirement {unknown}
 b - a scroll of identify
 e - a scroll of enchant armour {unknown}
Potions
 d - a potion of lignification {unknown}


   Skills:
 + Level 1.4 Fighting
 + Level 2.2 Dodging
 + Level 1.4 Stealth
 + Level 3.1 Unarmed Combat
 * Level 2.5 Spellcasting
 + Level 2.2 Transmutations


You had 4 spell levels left.
You knew the following spells:

 Your Spells              Type           Power      Damage    Failure   Level
a - Beastly Appendage     Tmut           16%        N/A       9%          1
b - Wereblood             Tmut           8%         N/A       13%         2

Your spell library contained the following spells:

 Spells                   Type           Power      Damage    Failure   Level
 Spider Form              Tmut/Pois      5%         N/A       36%         3
 Ice Form                 Ice/Tmut       5%         N/A       78%         4


Dungeon Overview and Level Annotations

Branches:
Dungeon (1/15)

Altars:

Shops:
D:1 :(:(


Innate Abilities, Weirdness & Mutations

You cannot wear most types of armour.
You are amphibious.
You can wear up to eight rings at the same time.
Your skin changes colour to match your surroundings (Stealth+).
Your rubbery body absorbs attacks. (AC +1, EV +1)
You are camouflaged when in or above water. (Stealth+)
You have tentacles for arms and can constrict up to eight enemies at once.


Message History

The goblin shouts!
One of your tentacles grows a vicious spike.
You tentacle-slap the goblin. You grab the goblin.
The goblin is severely wounded.
You constrict the goblin.
You kill the goblin!
You see here a +0 club.
Found a short sword.
Your transformation is almost over.
Your tentacle spike disappears.
You see here a +0 short sword.
A rat comes into view.
A ball python comes into view.
One of your tentacles grows a vicious spike.
The ball python hisses angrily.
The rat barely misses you.
You tentacle-slap the rat.
You kill the rat!
The ball python completely misses you. The ball python barely misses you.
You see here a rat corpse.
You tentacle-slap the ball python. Your grab misses the ball python.
The ball python is moderately wounded.
The ball python bites you. The ball python grabs you.
The ball python constricts you.
You tentacle-slap the ball python. You grab the ball python.
You pierce the ball python.
You kill the ball python!
Your transformation is almost over.
You see here a ball python corpse.
Your tentacle spike disappears.
e - a scroll labelled PEUQIO VORABODGH
There is an open door here.
You are engulfed in a cloud of scalding steam.
You are engulfed in a cloud of scalding steam.
Okay, then.
You are engulfed in a cloud of scalding steam.
You are engulfed in a cloud of scalding steam.
* * * LOW HITPOINT WARNING * * *
You are engulfed in a cloud of scalding steam.
You die...

#.......##.# ≈≈# #.######
#.########.# ≈≈## #.#..... #.#
#.# §§≈ ####.#..... #.# #.# ##§#
#.>........ #.# #.# #§#
#....)....( #.# #.# #§###
#....)..... #.# ###.## ##§§#
#.......### #.#
#....#####§########....... ..#
#......§§@§§§...# ######## ..#
#......§§§§§§...##########
..######......§.§§§..............
^......'......§...#...####.......
.....###........#.#...# #.......
######.....#.####.#...####∩......
.............####.#...#..........
..###......##..†......#.##.......
......................#.##......#


There were no monsters in sight!

Vanquished Creatures
  A dart slug (D:1)
  4 bats (D:1)
  4 giant cockroaches (D:1)
  3 goblins (D:1)
  4 hobgoblins (D:1)
  3 quokkas (D:1)
  3 ball pythons (D:1)
  4 frilled lizards (D:1)
  A kobold (D:1)
  4 rats (D:1)
31 creatures vanquished.

Notes
Turn   | Place    | Note
-------+----------+-------------------------------------------
     0 | D:1      | Revguard the Octopode Transmuter began the quest for the
                  | Orb.
     0 | D:1      | Reached XP level 1. HP: 13/13 MP: 3/3
   227 | D:1      | Found Zaybur's Antique Weapon Boutique.
   235 | D:1      | Found Lirran's Book Emporium.
   253 | D:1      | Reached XP level 2. HP: 15/18 MP: 3/5
   370 | D:1      | Learned a level 2 spell: Wereblood
   496 | D:1      | Found Vycahiot's Book Shop.
   589 | D:1      | Reached skill level 1 in Stealth
   638 | D:1      | Reached XP level 3. HP: 15/23 MP: 6/6
   924 | D:1      | Found Gumuy's Antique Weapon Shoppe.
  1432 | D:1      | Engulfed by a cloud of steam

Illustrated notes

Levels and vault maps discovered:
D:1:      amcnicky_arrival_flooded_fountain, layout_basic, serial_shops,
          nicolae_diamond_shop, shop_fountains, shop, shop, st_stairs_4,
          lemuel_another_geyser

Skill      XL: |  1  2 |
---------------+-------+-----
Stealth        | 1 |  1.4
Fighting       | |  1.4
Dodging        | |  2.2
Unarmed Combat | |  3.1
Spellcasting   | |  2.5
Transmutations | |  2.2

Action                   || total
-------------------------++-------
Melee: Unarmed           ||    70
       Constrict         ||    24
       Kick              ||    17
       Tentacles         ||    10
       Punch             ||     4
 Cast: Beastly Appendage ||    15
  Use: Scroll            ||     2
 Stab: Sleeping          ||     1
Armor: Skin              ||     8
Dodge: Dodged            ||    59
